 Dungeon Sprint DCSS version 0.30-a0-881-g1ff12e1e11 (webtiles) character file.

Game seed: 14206394096007094692

2438 PLAYERX the Carver (level 9, -6/74 HPs)
             Began as a Gnoll Wanderer on Mar 14, 2023.
             Was a High Priest of Makhleb.
             Killed from afar by an efreet (12 damage)
             ... with a fireball
             ... in the Dungeon (Sprint VII: "The Pits").
             The game lasted 00:14:48 (1151 turns).

PLAYERX the Carver (Gnoll Wanderer)                 Turns: 1151, Time: 00:14:48

Health: -6/74      AC: 18    Str: 16    XL:     9   Next: 49%
Magic:  23/23      EV: 10    Int: 11    God:    Makhleb [*****.]
Gold:   0          SH:  0    Dex: 12    Spells: 28/29 levels left

rFire   . . .      SeeInvis .    a - +2 trident (heavy)
rCold   . . .      Faith    .    (no shield)
rNeg    . . .      Spirit   .    b - +3 plate armour
rPois   .          Reflect  .    (no helmet)
rElec   .          Rampage  .    (no cloak)
rCorr   .          NoTele   +    h - +0 pair of gloves
Will    .....                    (no boots) Stlth
                                 (no amulet)
HPRegen 0.32/turn                o - +3 ring of evasion
MPRegen 0.18/turn                (no ring)

@: no status effects
A: fangs 1, strong nose, distributed training
a: Renounce Religion, Minor Destruction, Lesser Servant of Makhleb, Major
Destruction, Greater Servant of Makhleb


You were in the Dungeon.
You worshipped Makhleb.
Makhleb was extremely pleased with you.
You visited 1 branch

Inventory:

Hand Weapons
 a - a +2 heavy trident (weapon)
Armour
 b - a +3 plate armour (worn)
 h - a +0 pair of gloves (worn)
Jewellery
 o - a +3 ring of evasion (left hand)
Wands
 d - a wand of polymorph (3)
Scrolls
 i - a scroll of blinking
 k - 5 scrolls of amnesia
Potions
 c - 4 potions of haste
 f - 3 potions of curing
 g - 4 potions of magic
 m - a potion of might
 n - 3 potions of mutation


   Skills:
 + Level 8.0 Fighting
 + Level 8.0 Short Blades
 + Level 11.6 Long Blades
 + Level 8.0 Axes
 + Level 8.0 Maces & Flails
 + Level 8.0 Polearms
 + Level 8.0 Staves
 + Level 8.0 Ranged Weapons
 + Level 8.0 Throwing
 + Level 8.5 Armour
 + Level 8.0 Dodging
 + Level 8.0 Stealth
 + Level 8.0 Shields
 + Level 8.0 Unarmed Combat
 + Level 10.8 Spellcasting
 + Level 6.7 Conjurations
 + Level 6.7 Hexes
 + Level 6.7 Summonings
 + Level 6.7 Necromancy
 + Level 6.7 Translocations
 + Level 6.7 Transmutations
 + Level 6.7 Fire Magic
 + Level 6.7 Ice Magic
 + Level 6.7 Air Magic
 + Level 6.7 Earth Magic
 + Level 6.7 Poison Magic
 + Level 8.8 Invocations
 + Level 9.3 Evocations


You had 28 spell levels left.
You knew the following spells:

 Your Spells              Type           Power      Damage    Failure   Level
a - Sandblast             Erth           40%        2d10      26%         1

Your spell library contained the following spells:

 Spells                   Type           Power      Damage    Failure   Level
 Stone Arrow              Conj/Erth      40%        3d9       63%         3


Dungeon Overview and Level Annotations

Branches:
Dungeon (1/1)

Altars:
Ashenzari
Cheibriados
Dithmenos
Elyvilon
Fedhas
Gozag
Hepliaklqana
Kikubaaqudgha
Makhleb
Nemelex Xobeh
Okawaru
Qazlal
Ru
Sif Muna
Trog
Uskayaw
Vehumet
Wu Jian
Xom
Yredelemnul
Zin
The Shining One
Jiyva
Lugonu


Innate Abilities, Weirdness & Mutations

You have very sharp teeth.
Your uncanny sense of smell can sniff out nearby items.
Your experience applies equally to all skills.


Message History

Your Short Blades skill increases to level 8!
Your Axes skill increases to level 8!
Your Maces & Flails skill increases to level 8!
Your Polearms skill increases to level 8!
Your Staves skill increases to level 8!
Your Ranged Weapons skill increases to level 8!
Your Throwing skill increases to level 8!
Your Dodging skill increases to level 8!
Your Stealth skill increases to level 8!
Your Shields skill increases to level 8!
Your Unarmed Combat skill increases to level 8!
You barely miss the efreet. The efreet gestures at you.
The fireball explodes!
The fireball engulfs you!!
* * * LOW HITPOINT WARNING * * *
The fireball engulfs the efreet.
The efreet completely resists.
You feel much better. The efreet gestures at you. The bolt of fire misses you.
You puncture the efreet! Your bite misses the efreet.
The efreet is moderately wounded.
The efreet misses you.
You hit the efreet.
The efreet is moderately wounded.
The efreet closely misses you.
The efreet hits you with a +3 scimitar of flaming!
The efreet burns you.
* * * LOW HITPOINT WARNING * * *
Aiming: Major Destruction (3% risk of failure)
Press: ? - help, Shift-Dir - straight line, f - efreet
Aim: an efreet, wielding a +3 scimitar of flaming (moderately wounded)
The bolt of negative energy hits the efreet.
The efreet completely resists.
The efreet is moderately wounded.
The efreet hits you but does no damage.
A demon appears!
It doesn't seem very happy.
The efreet gestures at you.
The fireball explodes!
The fireball engulfs you!
You die...

.#))#####'#####''######
.#))##.......##÷'#####
##))##.......##......#
.#[[##.......##..÷.###
.#'###...<...##÷.÷## +
....##.......##..## .#
....##.......##.1# .#
######.......##..#..#
.#..###########.@R..+
.#.############..#..#
.#.#....#..[[##..# .#
.#)#....#...[##..## .#
.#)')...'.=))##...## +
.#'#....#..))##....###
.'.#....#..))##......#
######################


You could see an Executioner (summoned) and an efreet.

Vanquished Creatures
  A bog body (D)
  A deep elf zephyrmancer (D)
  A snapping turtle (D)
  A flying skull (D)
  A wyvern (D)
  A warg (D)
  A water moccasin (D)
  2 floating eyes (D)
  5 wolves (D)
  A centaur (D)
  A crimson imp (D)
  2 adders (D)
  A river rat (D)
  An ufetubus (D)
  A worm (D)
  2 bats (D)
  2 giant cockroaches (D)
  2 jackals (D)
  2 quokkas (D)
  A goblin (D)
  A kobold (D)
  2 rats (D)
33 creatures vanquished.

Vanquished Creatures (collateral kills)
  2 wolves (D)
2 creatures vanquished.

Grand Total: 35 creatures vanquished

Notes
Turn   | Place    | Note
-------+----------+-------------------------------------------
     0 | D        | PLAYERX the Gnoll Wanderer began the quest for the Orb.
     0 | D        | PLAYERX set off with the following items: a +2 falchion, a
                  | wand of polymorph (3), 2 potions of haste, a +0 leather
                  | armour, a potion of curing, a potion of heal wounds, 2
                  | potions of magic, a potion of berserk rage, a scroll of
                  | blinking; and the following spell memorised: Sandblast; and
                  | the following spells available to memorise: Stone Arrow.
     0 | D        | Reached XP level 1. HP: 13/13 MP: 8/8
    79 | D        | Found a bloodstained altar of Trog.
    79 | D        | Found a shimmering blue altar of Sif Muna.
    79 | D        | Found a viscous altar of Jiyva.
    79 | D        | Found a hazy altar of Hepliaklqana.
    79 | D        | Found an opulent altar of Gozag.
    80 | D        | Found a glowing golden altar of the Shining One.
    80 | D        | Found a glowing silver altar of Zin.
    80 | D        | Found a basalt altar of Yredelemnul.
    80 | D        | Found a shimmering altar of Xom.
    80 | D        | Found an ornate altar of the Wu Jian Council.
    80 | D        | Found a sacrificial altar of Ru.
    80 | D        | Found a stormy altar of Qazlal.
    80 | D        | Found an iron altar of Okawaru.
    80 | D        | Found a sparkling altar of Nemelex Xobeh.
    80 | D        | Found a burning altar of Makhleb.
    80 | D        | Found a blossoming altar of Fedhas.
    80 | D        | Found a white marble altar of Elyvilon.
    80 | D        | Found a shadowy altar of Dithmenos.
    80 | D        | Found a snail-covered altar of Cheibriados.
    82 | D        | Found a radiant altar of Vehumet.
    82 | D        | Found a corrupted altar of Lugonu.
    83 | D        | Found a hide-covered altar of Uskayaw.
    83 | D        | Found an ancient bone altar of Kikubaaqudgha.
    83 | D        | Found a broken altar of Ashenzari.
    94 | D        | Became a worshipper of Makhleb the Destroyer
   125 | D        | Reached skill level 1 in Fighting
   125 | D        | Reached skill level 1 in Short Blades
   125 | D        | Reached skill level 1 in Axes
   125 | D        | Reached skill level 1 in Maces & Flails
   125 | D        | Reached skill level 1 in Polearms
   125 | D        | Reached skill level 1 in Staves
   125 | D        | Reached skill level 1 in Ranged Weapons
   125 | D        | Reached skill level 1 in Throwing
   125 | D        | Reached skill level 1 in Dodging
   125 | D        | Reached skill level 1 in Stealth
   125 | D        | Reached skill level 1 in Shields
   125 | D        | Reached skill level 1 in Unarmed Combat
   125 | D        | Reached skill level 1 in Conjurations
   125 | D        | Reached skill level 1 in Hexes
   125 | D        | Reached skill level 1 in Summonings
   125 | D        | Reached skill level 1 in Necromancy
   125 | D        | Reached skill level 1 in Translocations
   125 | D        | Reached skill level 1 in Transmutations
   125 | D        | Reached skill level 1 in Fire Magic
   125 | D        | Reached skill level 1 in Ice Magic
   125 | D        | Reached skill level 1 in Air Magic
   125 | D        | Reached skill level 1 in Earth Magic
   125 | D        | Reached skill level 1 in Poison Magic
   125 | D        | Reached skill level 1 in Invocations
   125 | D        | Reached XP level 2. HP: 21/21 MP: 10/10
   230 | D        | Reached * piety under Makhleb
   303 | D        | Noticed a floating eye
   312 | D        | Reached ** piety under Makhleb
   315 | D        | Paralysed by a floating eye for 2 turns
   320 | D        | Paralysed by a floating eye for 3 turns
   325 | D        | Reached XP level 3. HP: 27/27 MP: 11/11
   325 | D        | Killed a floating eye
   326 | D        | Reached skill level 9 in Long Blades
   326 | D        | Reached skill level 5 in Evocations
   326 | D        | Reached XP level 4. HP: 35/35 MP: 11/13
   326 | D        | Reached XP level 5. HP: 41/41 MP: 12/15
   463 | D        | Noticed a warg
   466 | D        | Noticed a water moccasin
   467 | D        | Killed a warg
   467 | D        | Reached *** piety under Makhleb
   468 | D        | Reached skill level 5 in Armour
   468 | D        | Reached XP level 6. HP: 48/48 MP: 17/17
   485 | D        | Killed a water moccasin
   486 | D        | Reached skill level 5 in Invocations
   490 | D        | Reached **** piety under Makhleb
   516 | D        | Reached skill level 5 in Fighting
   516 | D        | Reached skill level 5 in Short Blades
   516 | D        | Reached skill level 10 in Long Blades
   516 | D        | Reached skill level 5 in Axes
   516 | D        | Reached skill level 5 in Maces & Flails
   516 | D        | Reached skill level 5 in Polearms
   516 | D        | Reached skill level 5 in Staves
   516 | D        | Reached skill level 5 in Ranged Weapons
   516 | D        | Reached skill level 5 in Throwing
   516 | D        | Reached skill level 5 in Dodging
   516 | D        | Reached skill level 5 in Stealth
   516 | D        | Reached skill level 5 in Shields
   516 | D        | Reached skill level 5 in Unarmed Combat
   516 | D        | Reached XP level 7. HP: 42/56 MP: 17/19
   607 | D        | Reached ***** piety under Makhleb
   644 | D        | Noticed a snapping turtle
   644 | D        | Noticed a deep elf zephyrmancer
   646 | D        | Paralysed by a floating eye for 3 turns
   662 | D        | Killed a snapping turtle
   663 | D        | Reached skill level 5 in Conjurations
   663 | D        | Reached skill level 5 in Hexes
   663 | D        | Reached skill level 5 in Summonings
   663 | D        | Reached skill level 5 in Necromancy
   663 | D        | Reached skill level 5 in Translocations
   663 | D        | Reached skill level 5 in Transmutations
   663 | D        | Reached skill level 5 in Fire Magic
   663 | D        | Reached skill level 5 in Ice Magic
   663 | D        | Reached skill level 5 in Air Magic
   663 | D        | Reached skill level 5 in Earth Magic
   663 | D        | Reached skill level 5 in Poison Magic
   668 | D        | Killed a deep elf zephyrmancer
   669 | D        | Reached skill level 11 in Long Blades
   669 | D        | Reached skill level 10 in Spellcasting
   669 | D        | Reached XP level 8. HP: 43/65 MP: 22/22
   855 | D        | Noticed a wyvern
   861 | D        | Killed a wyvern
   868 | D        | Noticed a flying skull
   888 | D        | Killed a flying skull
   888 | D        | Reached ****** piety under Makhleb
   889 | D        | Reached XP level 9. HP: 36/72 MP: 23/23
  1135 | D        | Noticed a bog body
  1135 | D        | Noticed an efreet
  1145 | D        | Killed a bog body
  1151 | D        | Noticed an Executioner
  1151 | D        | Killed from afar by an efreet

Illustrated notes

Levels and vault maps discovered:
D:        pitsprint [storerooms_1, entrance_room_1, metal_vault_6, armoury_2,
          mini_pit_1, grid_room_1, main_hall_1, silver_pit, the_coven_1,
          the_vestibule_1, steel_vault_5, golden_pit, hallway_of_sentries,
          crystal_vault_1, iron_vault_1, final_vault]

Skill      XL: |  1  2  3  4  5  6  7  8  9 |
---------------+----------------------------+-----
Fighting       | 1 3 4 5 6 7 8 |  8.0
Short Blades   | 1 3 4 5 6 7 8 |  8.0
Axes           | 1 3 4 5 6 7 8 |  8.0
Maces & Flails | 1 3 4 5 6 7 8 |  8.0
Polearms       | 1 3 4 5 6 7 8 |  8.0
Staves         | 1 3 4 5 6 7 8 |  8.0
Ranged Weapons | 1 3 4 5 6 7 8 |  8.0
Throwing       | 1 3 4 5 6 7 8 |  8.0
Dodging        | 1 3 4 5 6 7 8 |  8.0
Stealth        | 1 3 4 5 6 7 8 |  8.0
Shields        | 1 3 4 5 6 7 8 |  8.0
Unarmed Combat | 1 3 4 5 6 7 8 |  8.0
Conjurations   | 1 2 3 4 5 6 |  6.7
Hexes          | 1 2 3 4 5 6 |  6.7
Summonings     | 1 2 3 4 5 6 |  6.7
Necromancy     | 1 2 3 4 5 6 |  6.7
Translocations | 1 2 3 4 5 6 |  6.7
Transmutations | 1 2 3 4 5 6 |  6.7
Fire Magic     | 1 2 3 4 5 6 |  6.7
Ice Magic      | 1 2 3 4 5 6 |  6.7
Air Magic      | 1 2 3 4 5 6 |  6.7
Earth Magic    | 1 2 3 4 5 6 |  6.7
Poison Magic   | 1 2 3 4 5 6 |  6.7
Invocations    | 1 2 3 4 5 7 8 |  8.8
Armour         | 3 4 5 7 8 |  8.5
Long Blades    | 9 10 11 | 11.6
Evocations     | 5 6 7 8 9 |  9.3
Spellcasting   | 8 9 10 | 10.8

Action                     |  1- 3 |  4- 6 |  7- 9 || total
---------------------------+-------+-------+-------++-------
  Melee: Trident           |    33 |    32 |    57 ||   122
         Falchion          |     1 |       |       ||     1
         Bite              |     2 |     4 |     7 ||    13
         Punch             |       |     1 |     2 ||     3
 Invoke: Minor Destruction |       |     1 |       ||     1
         Major Destruction |       |       |     3 ||     3
         Lesser Servant of |       |       |     2 ||     2
         Greater Servant o |       |       |     1 ||     1
    Use: Potion            |     3 |     5 |    12 ||    20
         Scroll            |       |       |     1 ||     1
   Stab: Sleeping          |     1 |       |       ||     1
         Invisible         |       |       |     6 ||     6
 Armour: Leather armour    |    11 |       |       ||    11
         Plate armour      |       |    79 |    88 ||   167
  Dodge: Dodged            |    27 |    20 |    69 ||   116

Table legend: (Time is in decaauts)
 A = Elapsed time spent in this place.
 B = Non-inter-level travel time spent in this place.
 C = Inter-level travel time spent in this place.
 D = Time resting spent in this place.
 E = Time spent auto-exploring this place.
 F = Levels seen in this place.
 G = Mean time per level.
                   A        B        C        D        E       F      G
               +--------+--------+--------+--------+--------+-----+--------+
         Total |   1224 |   1224 |      0 |    586 |      0 |   1 | 1224.0 |
       Dungeon |   1224 |   1224 |      0 |    586 |      0 |   1 | 1224.0 |
               +--------+--------+--------+--------+--------+-----+--------+

Top non-repeatable levels by time:
       D: 1224 daAuts
